 Dungeon Crawl Stone Soup version 0.31-a0-1540-g5a0b83f448 (webtiles) character file.

Game seed: 1103074923809350117

33 Laraso the Chopper (level 3, -4/31 HPs)
             Began as a Hill Orc Fighter on Jan 2, 2024.
             Slain by a gnoll
             ... wielding a +0 club
             ... led by a gnoll bouda
              (6 damage)
             ... on level 2 of the Dungeon.
             The game lasted 00:01:39 (776 turns).

Laraso the Chopper (Hill Orc Fighter)                Turns: 776, Time: 00:01:39

Health: -4/31      AC:  6    Str: 18    XL:     3   Next: 29%
Magic:  3/3        EV:  9    Int:  8    God:
Gold:   83         SH:  4    Dex: 12    Spells: 2/2 levels left

rFire   . . .        a - +0 war axe
rCold   . . .        c - +0 buckler
rNeg    . . .        b - +0 scale mail
rPois   .            (no helmet)
rElec   .            (no cloak)
rCorr   .            (no gloves)
SInv    +            (no boots)
Will    .....        (no amulet) Stlth
                     e - ring of see invisible
HPRegen 0.25/turn    (no ring)
MPRegen 0.08/turn

%: no passive effects
@: mighty
A: no striking features
a: no special abilities


You were on level 2 of the Dungeon.
You visited 1 branch of the dungeon, and saw 2 of its levels.

You collected 83 gold pieces.

Inventory:

Hand Weapons
 a - a +0 war axe (weapon)
Armour
 b - a +0 scale mail (worn)
 c - a +0 buckler (worn)
Jewellery
 e - a ring of see invisible (left hand)
Scrolls
 f - a scroll of identify
Potions
 d - a potion of might
 h - a potion of degeneration


   Skills:
 - Level 3.6 Fighting
 * Level 4.9 Axes
 - Level 3.2 Armour
 - Level 3.2 Shields


You had 2 spell levels left.
You didn't know any spells.
Your spell library contained the following spells:

 Spells                   Type           Power      Damage    Failure   Level
 Sandblast                Erth           0%         2d4       86%         1
 Passwall                 Erth           0%         N/A       99%         3
 Stone Arrow              Conj/Erth      0%         3d7       99%         3
 Brom's Barrelling Bould  Conj/Erth      0%         2d3       100%        4


Dungeon Overview and Level Annotations

Branches:
Dungeon (2/15)

Altars:


Message History

A frilled lizard comes into view.
The frilled lizard hisses angrily.
Okay, then.
As you read the scroll labelled ITTUHA EFARIPS, it crumbles to dust.
It is a scroll of identify.
g - a potion of curing You block the gnoll's attack.
Unknown command.
Unknown command.
As you read the scroll of identify, it crumbles to dust.
h - a potion of degeneration The gnoll hits you with a +0 club.
The gnoll hits you with a +0 flail.
Unknown command.
The gnoll attacks as it pursues you! You block the gnoll's attack.
The gnoll hits you with a +0 club. The gnoll attacks as it pursues you!
The gnoll hits you but does no damage. The gnoll attacks as it pursues you!
The gnoll hits you but does no damage.
The gnoll hits you from afar with a +0 spear.
You block the gnoll's attack. The gnoll attacks as it pursues you!
You block the gnoll's attack. The gnoll attacks as it pursues you!
The gnoll hits you with a +0 club. The gnoll attacks as it pursues you!
The gnoll barely misses you. The gnoll hits you with a +0 club!
The gnoll attacks as it pursues you! The gnoll closely misses you.
You completely miss the gnoll. The gnoll hits you with a +0 club.
You feel very mighty all of a sudden. The gnoll hits you with a +0 club.
* * * LOW HITPOINT WARNING * * *
Unknown command.
You feel better.
The gnoll is no longer moving quickly.
The gnoll hits you with a +0 club.
* * * LOW HITPOINT WARNING * * *
Unknown command.
You barely miss the gnoll. The gnoll hits you with a +0 club.
* * * LOW HITPOINT WARNING * * *
The gnoll bouda barks out a call to the hunt!
You slash the gnoll!
The gnoll is almost dead.
The gnoll hits you with a +0 club.
You die...

.....# #..# #..#
.^.#.# #..##### #..#
.....# #.>....# #l(#
.....# #.####.# #..#
.....# #.# #.# #gg#
...#.####.# #.# #..#
..##....#.# #.# #..#
.#......#.####.####gl#
##.##...........@gggg#
...............#######
.....#.#########
.......... .....#.###
.....#.# ##.###.#
....##.# ....#


You could see a gnoll bouda, 4 gnolls and a frilled lizard.

Vanquished Creatures
  A dart slug (D:1)
  5 ball pythons (D:1)
  4 endoplasms (D:1)
  3 giant cockroaches
  5 hobgoblins
  A kobold (D:2)
  A bat (D:1)
  A frilled lizard (D:1)
  3 goblins (D:1)
  4 rats (D:1)
28 creatures vanquished.

Notes
Turn   | Place    | Note
-------+----------+-------------------------------------------
     0 | D:1      | Laraso the Hill Orc Fighter began the quest for the Orb.
     0 | D:1      | Reached XP level 1. HP: 19/19 MP: 1/1
    20 | D:1      | Reached skill level 3 in Axes
    73 | D:1      | Reached XP level 2. HP: 26/26 MP: 2/2
   177 | D:1      | Noticed a glass eye
   178 | D:1      | Found a faded altar of an unknown god.
   179 | D:1      | Noticed a great orb of eyes
   179 | D:1      | Noticed an eye of devastation
   179 | D:1      | Noticed a glass eye
   184 | D:1      | Reached skill level 4 in Axes
   571 | D:1      | Reached XP level 3. HP: 26/31 MP: 3/3
   776 | D:2      | Slain by a gnoll

Illustrated notes

Levels and vault maps discovered:
D:1:      scummos_arrival_forest, layout_rooms,
          hellmonk_ecumenical_altar_watching_god
D:2:      layout_loops_ring, uniq_terence

Skill      XL: |  1  2 |
---------------+-------+-----
Axes           | 3 4 |  4.9
Fighting       | |  3.6
Armour         | |  3.2
Shields        | |  3.2

Action                     || total
---------------------------++-------
  Melee: War axe           ||    80
    Use: Scroll            ||     2
         Potion            ||     2
 Armour: Scale mail        ||    65
  Dodge: Dodged            ||    25
  Block: Buckler           ||    21

Table legend: (Time is in decaauts)
 A = Elapsed time spent in this place.
 B = Non-inter-level travel time spent in this place.
 C = Inter-level travel time spent in this place.
 D = Time resting spent in this place.
 E = Time spent auto-exploring this place.
 F = Levels seen in this place.
 G = Mean time per level.
                   A        B        C        D        E       F      G
               +--------+--------+--------+--------+--------+-----+--------+
         Total |    802 |    780 |     22 |    113 |    467 |   2 |  401.0 |
       Dungeon |    802 |    780 |     22 |    113 |    467 |   2 |  401.0 |
               +--------+--------+--------+--------+--------+-----+--------+

Top non-repeatable levels by time:
     D:1: 667 daAuts
     D:2: 134 daAuts
